Map: [ESL] Stargazers

Players

ShaDoWn - Winner!

  • Race: Protoss Protoss
  • Spawn Location: 11:00

Bly

  • Race: Zerg Zerg
  • Spawn Location: 1:00

Event: DreamHack SC2 Masters 2022 Atlanta (Online)

VOD

Have the link to the VOD?

Description

Time

  • Played on: Sept. 30, 2022, 2:44 p.m.
  • Length: 9:47

All games in this series

Show
View Real Time Build Order
Export as new Build Order

ShaDoWn Protoss - Winner!

Build Orders: 1 Gate Expand, Oracle Opening 

Get SALT Encoding   

  12  0:00  Probe  
  13  0:12  Probe  
  14  0:19  Pylon  
  14  0:24  Probe  
  15  0:37  Gateway, Probe (Chrono Boost)  
  16  0:44  Assimilator  
  16  0:47  Probe (Chrono Boost)  
  17  0:52  Probe (Chrono Boost)  
  18  1:04  Probe  
  19  1:16  Probe  
  20  1:27  Cybernetics Core  
  21  1:44  Nexus  
  19  1:47  Probe  
  19  1:52  Assimilator  
  20  1:57  Pylon  
  20  2:01  Adept (Chrono Boost)  
  20  2:07  Probe  
  23  2:19  Probe (Chrono Boost)  
  24  2:23  Adept  
  27  2:30  Probe (Chrono Boost)  
  27  2:35  Probe (Chrono Boost)  
  28  2:38  Stargate  
  28  2:45  Probe  
  29  2:57  Probe (Chrono Boost)  
  31  2:58  Warp Gate  
  31  3:02  Stalker  
  31  3:03  Probe (Chrono Boost)  
  33  3:07  Probe (Chrono Boost)  
  33  3:11  Probe (Chrono Boost)  
  33  3:12  Probe (Chrono Boost)  
  36  3:21  Probe  
  36  3:24  Probe  
  38  3:34  Probe  
  37  3:36  Oracle (Chrono Boost), Probe  
  40  3:46  Probe, Pylon  
  40  3:48  Probe  
  42  3:54  Gateway  
  42  3:58  Probe  
  42  4:00  Probe  
  44  4:03  Oracle (Chrono Boost)  
  47  4:10  Probe  
  47  4:12  Probe  
  49  4:19  Assimilator, Pylon  
  49  4:21  Assimilator  
  49  4:22  Probe  
  50  4:24  Probe  
  50  4:25  Nexus  
  50  4:29  Pylon  
  51  4:35  Probe  
  51  4:36  Stargate  
  52  4:40  Probe  
  53  4:47  Probe  
  53  4:52  Probe  
  55  4:53  Phoenix (Chrono Boost)  
  55  4:58  Adept x2  
  55  4:59  Probe  
  62  5:01  Pylon  
  62  5:04  Probe  
  63  5:09  Phoenix  
  63  5:11  Probe  
  66  5:16  Probe  
  66  5:18  Pylon  
  66  5:19  Pylon  
  67  5:23  Shield Battery, Probe  
  67  5:24  Phoenix  
  70  5:28  Probe (Chrono Boost)  
  71  5:36  Assimilator  
  71  5:37  Assimilator  
  71  5:38  Phoenix  
  71  5:39  Probe (Chrono Boost)  
  71  5:40  Probe (Chrono Boost)  
  76  5:46  Probe (Chrono Boost)  
  76  5:49  Phoenix (Chrono Boost)  
  80  5:50  Probe (Chrono Boost)  
  80  5:51  Probe (Chrono Boost)  
  80  5:53  Probe (Chrono Boost)  
  80  5:56  Probe  
  79  6:00  Probe  
  79  6:04  Phoenix (Chrono Boost)  
  79  6:05  Probe  
  79  6:08  Probe (Chrono Boost)  
  81  6:13  Phoenix (Chrono Boost)  
  81  6:14  Probe (Chrono Boost)  
  81  6:18  Twilight Council  
  85  6:19  Forge  
  85  6:20  Probe (Chrono Boost), Pylon  
  85  6:22  Probe (Chrono Boost)  
  85  6:24  Phoenix (Chrono Boost)  
  89  6:28  Probe (Chrono Boost)  
  89  6:29  Sentry x2, Probe (Chrono Boost)  
  89  6:31  Probe (Chrono Boost)  
  95  6:35  Phoenix, Gateway  
  95  6:37  Probe  
  98  6:44  Phoenix  
  98  6:45  Charge  
  100  6:49  Protoss Ground Weapons Level 1 (Chrono Boost), Gateway  
  100  6:53  Gateway  
  100  6:59  Pylon  
  100  7:00  Phoenix  
  102  7:15  Phoenix  
  102  7:19  Gateway  
  102  7:21  Gateway  
  104  7:25  Gateway  
  104  7:27  Gateway  
  104  7:28  Templar Archives  
  104  7:29  Gateway  
  102  7:30  Robotics Facility  
  102  7:31  Zealot x3  
  102  7:35  Probe  
  109  7:43  Nexus  
  109  7:45  Pylon  
  109  7:51  Pylon  
  109  7:52  Zealot x3  
  109  7:53  Zealot x2  
  119  8:05  Gateway  
  119  8:06  Gateway  
  115  8:20  Warp Prism (Chrono Boost), High Templar x6  
  115  8:21  Zealot x2  
  115  8:24  Shield Battery, Photon Cannon  
  115  8:25  Gateway  
  115  8:26  Archon  
  133  8:27  Archon  
  133  8:28  Zealot x2, Archon  
  137  8:42  Zealot x2  
  137  8:46  Observer  
  139  8:52  Pylon  
  139  8:54  Pylon  
  140  8:56  Pylon  
  140  8:59  Zealot x6  
  140  9:01  Zealot  
  150  9:14  Zealot x5  
Show
View Real Time Build Order
Export as new Build Order

Bly Zerg 

Build Orders: 3 Hatch before Pool 

Get SALT Encoding   

  12  0:00  Drone  
  13  0:12  Overlord  
  13  0:17  Drone  
  14  0:32  Drone x2  
  16  0:50  Hatchery  
  16  0:53  Evolution Chamber  
  15  1:02  Hatchery  
  14  1:05  Drone  
  14  1:08  Drone  
  16  1:12  Drone  
  17  1:22  Extractor  
  16  1:28  Spawning Pool  
  16  1:32  Drone  
  16  1:35  Drone  
  16  1:38  Drone  
  18  1:54  Drone  
  19  2:03  Drone  
  20  2:11  Hatchery  
  19  2:17  Zergling x2  
  19  2:19  Queen  
  22  2:32  Queen  
  22  2:35  Metabolic Boost  
  24  2:40  Zergling x2  
  25  2:46  Zergling x4  
  25  2:51  Spore Crawler  
  26  2:54  Drone  
  27  3:06  Zergling x2  
  27  3:08  Overlord  
  27  3:12  Queen, Extractor x2  
  24  3:40  Drone x6  
  28  3:52  Drone x3  
  30  4:02  Drone x3  
  33  4:05  Drone  
  34  4:11  Drone x2  
  34  4:12  Drone  
  37  4:27  Drone x3  
  40  4:32  Spore Crawler  
  39  4:40  Drone x2  
  39  4:44  Overlord  
  39  4:45  Overlord  
  41  4:47  Spore Crawler  
  41  4:50  Overlord  
  40  4:56  Overlord  
  40  4:57  Spore Crawler  
  40  4:58  Drone x2  
  41  5:04  Drone  
  41  5:05  Drone  
  43  5:13  Drone x6  
  45  5:18  Drone x6  
  51  5:31  Drone x4  
  51  5:34  Lair  
  55  5:41  Zergling x2  
  55  5:42  Zergling x14  
  56  6:00  Drone x5  
  56  6:03  Drone  
  57  6:07  Drone x2  
  57  6:14  Drone x3  
  57  6:15  Drone x3  
  57  6:18  Drone  
  64  6:24  Drone x2  
  66  6:36  Drone, Roach Warren  
  66  6:37  Drone x5, Hatchery  
  70  6:40  Drone x3  
  70  6:44  Extractor  
  72  6:53  Spore Crawler  
  71  6:55  Spore Crawler  
  71  6:59  Spore Crawler  
  69  7:02  Hydralisk Den, Overlord  
  69  7:03  Overlord x4  
  64  7:10  Drone x3, Overlord  
  63  7:21  Queen x2  
  67  7:23  Drone x6  
  67  7:26  Spore Crawler  
  69  7:33  Muscular Augments  
  69  7:40  Drone x7  
  76  7:53  Drone x5  
  81  7:59  Infestation Pit  
  81  8:00  Evolution Chamber  
  79  8:11  Drone x10  
  76  8:21  Spore Crawler  
  76  8:22  Drone x4  
  79  8:31  Drone x7  
  79  8:33  Drone  
  87  8:41  Roach x7  
  101  8:46  Spore Crawler x2  
  99  8:53  Spore Crawler  
  99  8:54  Spore Crawler  
  95  9:07  Roach x7  
  103  9:13  Roach x3  
Tags
 
Add a new tag
Caveats
  • Supply blocks, unpowered buildings, or Contaminate may cause inaccurate times.
  • Supply counts are checked every 10 seconds.